Map: Tokamak LE

Players

Classic

  • Race: Protoss Protoss
  • Spawn Location: 7:00

Rogue - Winner!

  • Race: Zerg Zerg
  • Spawn Location: 1:00

Event: Esports World Cup 2025

VOD

Have the link to the VOD?

Description

Time

  • Played on: July 22, 2025, 11:57 a.m.
  • Length: 17:08

All games in this series

Show
View Real Time Build Order
Export as new Build Order

Classic Protoss 

Build Orders: 1 Gate Expand, Oracle Opening, Zealot Archon 

Get SALT Encoding   

  12  0:00  Probe  
  13  0:12  Probe  
  14  0:18  Pylon  
  14  0:24  Probe  
  15  0:32  Probe  
  15  0:38  Gateway  
  15  0:40  Probe  
  16  0:46  Assimilator  
  17  0:51  Probe  
  18  1:03  Probe  
  19  1:15  Probe  
  20  1:23  Nexus  
  20  1:34  Cybernetics Core  
  20  1:37  Probe  
  21  1:42  Assimilator  
  21  1:49  Probe  
  21  1:52  Pylon  
  22  2:01  Probe  
  22  2:03  Adept  
  23  2:11  Stargate  
  23  2:14  Probe  
  26  2:23  Warp Gate  
  26  2:26  Probe  
  27  2:31  Probe  
  27  2:33  Adept  
  27  2:34  Probe  
  30  2:39  Probe  
  30  2:42  Probe  
  32  2:49  Probe  
  33  2:51  Oracle  
  33  2:53  Probe  
  38  3:01  Probe  
  38  3:05  Probe  
  40  3:09  Pylon  
  40  3:11  Adept  
  42  3:15  Probe  
  42  3:17  Oracle, Probe  
  44  3:20  Gateway  
  44  3:29  Probe  
  44  3:30  Probe  
  49  3:41  Probe  
  49  3:42  Probe  
  49  3:48  Nexus  
  51  3:52  Pylon  
  52  3:55  Probe x2  
  52  4:02  Assimilator  
  53  4:05  Assimilator  
  53  4:08  Probe  
  55  4:10  Probe  
  55  4:11  Adept  
  57  4:18  Adept  
  57  4:23  Probe x2  
  59  4:27  Twilight Council  
  59  4:28  Forge  
  57  4:32  Shield Battery  
  57  4:33  Pylon  
  57  4:35  Probe  
  57  4:36  Probe  
  57  4:38  Adept  
  61  4:48  Probe  
  61  4:49  Probe  
  60  4:55  Adept  
  60  4:58  Pylon, Probe  
  60  4:59  Probe, Adept  
  58  5:01  Protoss Ground Weapons Level 1, Probe  
  58  5:06  Probe  
  61  5:07  Probe  
  61  5:09  Probe  
  61  5:11  Shield Battery  
  64  5:14  Probe, Templar Archives  
  64  5:16  Probe, Charge  
  64  5:19  Probe  
  66  5:23  Stalker  
  66  5:26  Probe  
  66  5:28  Probe  
  71  5:31  Gateway, Probe  
  71  5:33  Gateway  
  72  5:38  Probe  
  72  5:40  Probe, Assimilator  
  74  5:43  Probe  
  74  5:44  Psionic Storm, Assimilator  
  74  5:49  Gateway x2  
  75  5:50  Robotics Facility  
  75  6:00  Stalker  
  75  6:01  Pylon  
  75  6:02  Probe x3  
  80  6:06  High Templar  
  80  6:07  Gateway  
  82  6:12  Gateway  
  82  6:16  Gateway  
  82  6:19  Gateway  
  82  6:23  High Templar  
  84  6:25  High Templar  
  84  6:27  Pylon, Warp Prism  
  84  6:28  Pylon  
  84  6:31  Stalker  
  88  6:36  Pylon  
  90  6:44  Nexus  
  90  6:46  High Templar  
  92  6:51  Pylon  
  92  6:55  High Templar x2  
  92  6:59  Archon  
  92  7:00  Zealot x3  
  102  7:07  Pylon  
  102  7:13  Photon Cannon  
  102  7:15  Protoss Ground Weapons Level 2  
  102  7:19  High Templar x2, Zealot x2  
  102  7:20  Zealot  
  102  7:21  Zealot x2  
  116  7:24  Archon  
  116  7:27  Zealot  
  116  7:28  Zealot  
  120  7:34  Pylon  
  120  7:43  Probe x3  
  123  7:47  High Templar x2  
  123  7:50  Zealot x5  
  137  7:51  Archon, Zealot  
  137  7:52  Zealot  
  137  7:54  Blink  
  137  7:55  Pylon  
  137  7:56  Pylon  
  137  8:08  Probe x4  
  137  8:12  Assimilator  
  141  8:13  Zealot x6  
  141  8:14  Assimilator  
  153  8:25  Gateway  
  143  8:29  Probe x4  
  143  8:32  Photon Cannon  
  129  8:37  Shield Battery, Zealot x6  
  113  8:49  High Templar x3  
  113  8:51  Probe  
  113  8:52  Probe x2  
  113  8:55  Photon Cannon  
  122  8:56  Immortal  
  122  8:59  Pylon, High Templar x3  
  122  9:00  High Templar  
  130  9:03  Archon x2, Photon Cannon  
  130  9:04  Pylon  
  134  9:10  Zealot x2  
  138  9:21  Photon Cannon  
  138  9:23  Photon Cannon  
  138  9:24  High Templar  
  138  9:25  Photon Cannon, High Templar  
  138  9:26  Shield Battery  
  138  9:29  Archon  
  138  9:31  Zealot x4  
  142  9:43  Stalker  
  142  9:44  Stalker x5  
  142  9:45  Immortal  
  132  9:48  Pylon  
  132  9:49  High Templar x4, Zealot x2  
  132  9:52  Protoss Ground Weapons Level 3  
  143  9:53  Archon  
  143  9:54  Archon  
  143  9:56  Photon Cannon  
  143  9:58  Pylon  
  147  10:00  Pylon  
  147  10:04  Probe x3, Photon Cannon  
  147  10:05  Probe  
  147  10:07  Photon Cannon  
  151  10:08  Photon Cannon  
  149  10:17  High Templar  
  149  10:18  Zealot x4  
  159  10:22  High Templar  
  159  10:23  Zealot x3  
  167  10:30  Warp Prism  
  157  10:44  Probe x4  
  157  10:49  Photon Cannon  
  157  10:50  High Templar x4  
  157  10:56  Photon Cannon  
  165  10:57  Archon  
  165  10:58  Archon  
  165  11:00  Observer  
  165  11:02  Photon Cannon  
  165  11:04  Photon Cannon  
  166  11:11  High Templar x2  
  166  11:15  Zealot x3  
  166  11:16  Pylon  
  176  11:18  Archon  
  166  11:26  Stargate, Robotics Facility  
  166  11:27  Fleet Beacon, Observer  
  162  11:33  Immortal  
  163  11:55  Photon Cannon  
  163  11:56  Photon Cannon  
  163  11:57  Shield Battery  
  163  11:59  Stalker  
  163  12:01  Sentry  
  163  12:03  Stalker  
  163  12:04  Stalker x3  
  168  12:08  Zealot  
  168  12:09  Zealot x2  
  168  12:13  Immortal x2  
  168  12:15  Tempest  
  171  12:16  Tempest  
  176  12:43  Zealot x9  
  152  12:51  Zealot x8  
  152  12:52  Zealot  
  167  13:01  Tempest x2  
  143  13:23  High Templar  
  145  13:27  Observer  
  145  13:30  Nexus  
  145  13:33  Zealot  
  145  13:34  Tempest x2  
  148  13:46  Pylon  
  156  13:57  Pylon  
  156  13:58  Zealot x5  
  163  14:05  Zealot x4  
  136  14:19  Zealot  
  136  14:20  Zealot x2  
  118  14:28  Observer  
  109  14:31  Mothership  
  117  14:40  Cybernetics Core  
  117  14:45  Observer, Pylon, Probe x3  
  119  14:57  Probe  
  120  15:02  High Templar x4  
  120  15:03  High Templar  
  130  15:07  Archon x2  
  130  15:08  High Templar  
  98  15:24  High Templar  
  96  15:33  Probe x3  
  99  15:45  Probe x3  
  99  15:46  Probe  
  99  15:47  High Templar  
  99  15:49  High Templar x2  
  108  15:53  Archon  
  108  15:54  High Templar x2, Zealot  
  108  15:57  Probe x3  
  115  15:58  Probe, Archon  
  115  16:18  Tempest x2  
  106  16:19  Observer x2  
  108  16:38  Zealot x6  
  105  16:51  Zealot  
Show
View Real Time Build Order
Export as new Build Order

Rogue Zerg - Winner!

Build Orders: Hatch First, Lurkers 

Get SALT Encoding   

  12  0:00  Drone  
  13  0:09  Drone  
  13  0:14  Extractor  
  13  0:15  Drone  
  15  0:22  Overlord  
  15  0:42  Drone  
  16  0:45  Hatchery  
  16  0:49  Drone  
  16  0:52  Drone  
  16  0:56  Drone  
  18  1:06  Extractor  
  17  1:12  Spawning Pool  
  17  1:15  Drone  
  17  1:17  Drone  
  18  1:27  Drone  
  19  1:37  Drone  
  20  1:49  Drone  
  21  1:59  Zergling x2, Queen x2  
  21  2:00  Overlord  
  26  2:08  Drone  
  26  2:09  Zergling x2  
  26  2:14  Metabolic Boost  
  28  2:20  Drone x2  
  30  2:34  Queen  
  32  2:41  Hatchery  
  31  2:44  Overlord  
  31  2:47  Drone  
  31  2:50  Drone  
  33  2:52  Drone  
  33  2:54  Drone  
  33  2:56  Drone  
  36  3:07  Drone x4  
  36  3:10  Overlord  
  40  3:14  Drone x2  
  40  3:15  Drone  
  40  3:17  Zergling x2  
  44  3:26  Overlord  
  44  3:29  Drone, Spore Crawler  
  44  3:36  Spore Crawler  
  44  3:39  Zergling x4  
  44  3:40  Zergling x2  
  46  3:43  Queen  
  46  3:46  Queen  
  50  3:50  Drone x3  
  50  3:53  Drone  
  50  3:54  Drone  
  55  3:55  Drone  
  55  4:00  Drone  
  55  4:01  Evolution Chamber  
  56  4:03  Drone  
  56  4:05  Drone  
  56  4:06  Overlord  
  58  4:11  Zergling x2  
  58  4:12  Zergling x4  
  60  4:21  Drone  
  60  4:22  Drone x2  
  58  4:27  Zerg Melee Weapons Level 1  
  58  4:28  Drone x2  
  59  4:31  Drone  
  59  4:32  Drone  
  59  4:34  Drone  
  59  4:37  Drone x2  
  63  4:40  Drone  
  63  4:44  Overlord  
  64  4:48  Drone  
  64  4:54  Drone x2  
  64  4:56  Drone  
  65  5:00  Lair  
  65  5:02  Hatchery  
  65  5:04  Baneling Nest  
  65  5:05  Extractor  
  60  5:08  Drone x4  
  60  5:10  Drone  
  60  5:11  Drone  
  60  5:12  Drone  
  60  5:13  Drone  
  67  5:16  Zergling x2  
  67  5:18  Drone  
  67  5:20  Drone x3  
  72  5:21  Drone  
  72  5:26  Drone, Extractor  
  72  5:27  Extractor  
  72  5:29  Extractor  
  72  5:30  Extractor  
  72  5:33  Zergling x8  
  72  5:35  Zergling x8  
  78  5:42  Overlord  
  78  5:43  Drone  
  78  5:47  Overlord  
  78  5:49  Hatchery  
  77  5:52  Overlord  
  77  5:56  Overlord  
  77  5:57  Overlord  
  77  6:01  Hydralisk Den  
  77  6:03  Centrifugal Hooks  
  76  6:05  Drone x4  
  76  6:07  Drone x4  
  76  6:09  Zergling x4  
  76  6:11  Drone  
  87  6:15  Drone x2  
  87  6:17  Overlord  
  89  6:19  Drone  
  89  6:20  Drone x2  
  89  6:23  Zerg Missile Weapons Level 1  
  92  6:26  Drone  
  92  6:27  Drone  
  94  6:34  Grooved Spines  
  94  6:38  Hydralisk  
  94  6:39  Hydralisk x3  
  101  6:40  Hydralisk  
  101  6:46  Drone x2  
  101  6:47  Drone x4  
  107  6:50  Hydralisk  
  107  6:53  Hydralisk  
  107  6:54  Hydralisk x2  
  111  6:57  Hydralisk  
  111  7:00  Overlord x2  
  119  7:04  Hydralisk x2  
  119  7:05  Hydralisk  
  124  7:08  Overseer  
  124  7:11  Hydralisk x2  
  124  7:13  Overlord  
  124  7:14  Zergling x4  
  124  7:15  Zergling x4  
  131  7:18  Zergling x4  
  131  7:20  Zergling x2  
  133  7:26  Zergling x2, Muscular Augments  
  133  7:27  Zergling x16  
  133  7:28  Zergling x2  
  143  7:31  Zergling x2  
  143  7:32  Zergling x4  
  143  7:34  Zergling x2  
  143  7:35  Zergling x4  
  150  7:37  Zergling x6  
  150  7:40  Baneling x4  
  150  7:41  Zergling x2, Baneling x4  
  150  7:44  Baneling x6  
  152  7:45  Zergling x8  
  152  7:50  Baneling x7  
  157  7:51  Zergling x2  
  157  7:52  Overlord  
  157  7:56  Overlord  
  157  7:59  Baneling x15  
  154  8:06  Overlord  
  154  8:08  Overlord x2  
  154  8:09  Overlord  
  154  8:12  Zergling x2  
  155  8:13  Zergling x6  
  155  8:15  Zergling x2  
  158  8:20  Zergling x12  
  158  8:21  Zergling x2  
  152  8:27  Zergling x2  
  152  8:28  Zergling x10  
  152  8:31  Drone x3  
  150  8:36  Zergling x2  
  150  8:37  Zergling x12  
  142  8:43  Zergling x16  
  142  8:44  Zergling x2  
  142  8:46  Zergling x2  
  142  8:47  Zergling x2  
  145  8:49  Zerg Missile Weapons Level 2  
  145  8:52  Infestation Pit  
  144  8:58  Zergling x16  
  144  9:01  Baneling x10  
  144  9:02  Drone  
  153  9:03  Overseer  
  153  9:05  Pneumatized Carapace  
  153  9:07  Drone x3  
  156  9:11  Baneling x11  
  156  9:16  Hydralisk x3  
  162  9:17  Hydralisk  
  162  9:22  Lurker Den  
  162  9:24  Extractor  
  162  9:25  Drone x3, Extractor  
  162  9:26  Drone x3  
  162  9:27  Drone x2  
  162  9:30  Zergling x2  
  169  9:32  Zergling x12  
  169  9:36  Zergling x8  
  179  9:38  Zergling x2  
  179  9:41  Zergling x2  
  179  9:43  Zergling x2  
  179  9:44  Zergling x8  
  177  9:48  Overlord, Hive  
  177  9:49  Zergling x2  
  177  9:50  Zergling x2  
  177  9:51  Zergling x2  
  177  9:52  Zergling x2  
  181  9:53  Zergling x2  
  181  9:57  Baneling x14  
  181  9:58  Baneling x7  
  181  9:59  Zergling x4  
  184  10:00  Zergling x2  
  184  10:01  Zergling x2  
  186  10:13  Hatchery, Baneling  
  185  10:15  Baneling x9  
  185  10:16  Zergling x16, Baneling x4  
  185  10:17  Zergling x2  
  185  10:18  Zergling x2  
  195  10:22  Zergling x2  
  195  10:23  Zergling x8  
  195  10:24  Zergling x2  
  190  10:35  Overlord  
  177  10:41  Drone x2  
  177  10:43  Extractor  
  177  10:45  Zergling x16  
  177  10:46  Zergling x2  
  177  10:50  Lurker x8  
  177  10:51  Zergling x8  
  177  10:52  Overlord  
  177  10:54  Overlord  
  190  10:57  Zergling x2, Overlord  
  190  11:01  Overlord  
  190  11:06  Lurker  
  190  11:07  Lurker x2  
  190  11:09  Zergling x2  
  194  11:12  Zergling x2  
  194  11:14  Overlord  
  194  11:17  Seismic Spines  
  195  11:20  Adrenal Glands  
  188  11:32  Overseer x2  
  187  11:34  Hydralisk x4  
  187  11:35  Hydralisk  
  197  11:43  Hydralisk  
  194  11:49  Hydralisk, Spire  
  194  11:51  Hydralisk  
  194  11:52  Hydralisk  
  199  11:55  Hydralisk, Spine Crawler, Extractor  
  199  11:56  Spine Crawler  
  199  11:57  Hydralisk  
  199  11:59  Hydralisk, Extractor  
  195  12:01  Hydralisk  
  195  12:03  Hydralisk  
  195  12:04  Hydralisk  
  184  12:11  Lurker  
  184  12:13  Zergling x28  
  187  12:19  Adaptive Talons  
  187  12:20  Zergling x30  
  197  12:25  Zergling x2  
  197  12:31  Lurker  
  197  12:32  Lurker  
  197  12:34  Hydralisk  
  197  12:35  Hydralisk x3  
  199  12:39  Zergling x2  
  199  12:41  Hydralisk  
  199  12:44  Hydralisk  
  190  12:46  Hydralisk x2, Overseer  
  190  12:48  Drone x2  
  190  12:49  Drone x3  
  200  12:54  Zergling x2  
  200  12:57  Hydralisk  
  197  12:59  Hydralisk  
  199  13:08  Hydralisk  
  163  13:13  Hydralisk x15  
  163  13:15  Zergling x6  
  163  13:16  Zergling x2  
  163  13:18  Lurker  
  163  13:19  Drone x4  
  177  13:23  Zergling x4  
  177  13:24  Lurker  
  177  13:25  Lurker  
  177  13:26  Zergling x2  
  177  13:27  Zergling x14  
  184  13:29  Overseer x3  
  189  13:35  Evolution Chamber  
  189  13:38  Zergling x16  
  196  13:41  Zerg Flyer Weapons Level 1  
  196  13:53  Corruptor x2  
  196  13:54  Hatchery  
  199  13:56  Zergling x2  
  199  14:01  Overseer  
  199  14:05  Zergling x4  
  199  14:06  Zergling x4  
  199  14:09  Zergling x4  
  199  14:12  Zergling x4  
  199  14:13  Zergling x2  
  199  14:15  Zergling x2  
  175  14:17  Hydralisk x3  
  175  14:22  Hydralisk x6  
  175  14:23  Hydralisk  
  174  14:27  Zergling x2, Overseer x2  
  174  14:29  Zergling x2  
  166  14:31  Zergling x4  
  166  14:36  Hydralisk x5  
  173  14:43  Zerg Melee Weapons Level 2  
  168  14:49  Lurker x7  
  168  14:52  Corruptor  
  176  14:55  Corruptor  
  176  14:58  Corruptor  
  179  15:02  Corruptor  
  179  15:05  Lurker  
  182  15:08  Zergling x14  
  182  15:10  Zergling x4  
  182  15:13  Zergling x2  
  188  15:15  Corruptor  
  188  15:17  Corruptor  
  188  15:19  Corruptor  
  185  15:23  Drone  
  185  15:24  Drone x3, Unknown  
  185  15:25  Drone  
  189  15:35  Hydralisk x3  
  189  15:39  Corruptor x2  
  199  15:48  Nydus Network  
  198  15:51  Corruptor  
  199  16:06  Corruptor  
  199  16:07  Corruptor x2  
  199  16:09  Corruptor x2  
  197  16:11  Corruptor  
  197  16:12  Corruptor  
  197  16:13  Corruptor  
  197  16:17  Zergling x14  
  196  16:19  Zergling x10  
  196  16:20  Overseer x2  
  196  16:23  Zergling x8  
  200  16:25  Zergling x2  
  200  16:46  Overlord  
  178  16:50  Zergling x4  
Tags
 
Add a new tag
Caveats
  • Supply blocks, unpowered buildings, or Contaminate may cause inaccurate times.
  • Supply counts are checked every 10 seconds.